 Dungeon Crawl Stone Soup version 0.30.0-29-ga12c61a403 (console) character file.

Game seed: 14902766166639601568

490 ryak the Ruffian (level 7, -3/63 HPs)
             Began as a Ghoul Gladiator on June 17, 2023.
             Slain by Grinder (9 damage)
             ... on level 5 of the Dungeon.
             The game lasted 00:11:25 (3259 turns).

ryak the Ruffian (Ghoul Gladiator)                  Turns: 3259, Time: 00:11:26

Health: -3/63      AC:  8    Str: 18 (20) XL:     7   Next: 14%
Magic:  6/6        EV: 11    Int:  7 (9)  God:
Gold:   200        SH:  0    Dex:  9 (10) Spells: 6/6 levels left

rFire   . .          .
                       - Unarmed
rCold   + . .        (no shield)
rNeg    + + +        a - +0 leather armour
rPois   ∞            b - +1 helmet
rElec   .            r - +2 cloak {Stlth+}
rCorr   .            (no gloves)
SInv    +            (no boots)
Will    .....        (no amulet)
Stlth   ++           h - +6 ring of intelligence
HPRegen 0.00/turn    m - ring of see invisible {sInv}
MPRegen 0.10/turn

%: no passive effects
@: attractive, inhibited regen, hasted, very quick
A: claws 1, cold resistance 1, negative energy resistance 3, inhibited
regeneration, torment resistance 2, devour on kill
a: no special abilities


You were on level 5 of the Dungeon.
You visited 1 branch of the dungeon, and saw 5 of its levels.

You collected 200 gold pieces.

Inventory:

Missiles
 c - 3 throwing nets (quivered) {=f, !d}
 d - a javelin
Armour
 a - a +0 leather armour (worn)
 b - a +1 helmet (worn)
 r - a +2 cloak of stealth (worn)
   (You took it off Crazy Yiuf on level 2 of the Dungeon)
Jewellery
 h - a +6 ring of intelligence (left claw)
   (You found it on level 1 of the Dungeon)
 m - a ring of see invisible (right claw) {sInv}
   (You found it on level 2 of the Dungeon)
Scrolls
 g - 3 scrolls of identify {@r1}
 i - a scroll of enchant weapon {unknown}
 q - a scroll of butterflies {unknown}
 s - 2 scrolls of immolation {unknown}
Potions
 e - 3 potions of curing {@q1, !d}
 f - a potion of haste
 t - 2 potions of attraction {!q}


   Skills:
 + Level 6.0 Fighting
 - Level 1.7 Throwing
 - Level 2.6 Dodging
 + Level 6.5 Unarmed Combat


You had 6 spell levels left.
You didn't know any spells.
Your spell library contained the following spells:

 Spells                   Type           Power      Damage    Failure   Level
 Freeze                   Ice            0%         1d3       50%         1
 Magic Dart               Conj           0%         1d3       50%         1
 Lesser Beckoning         Tloc           0%         N/A       63%         2
 Searing Ray              Conj           0%         2d4       63%         2
 Frozen Ramparts          Ice            0%         1d1       86%         3
 Gell's Gravitas          Tloc           0%         N/A       86%         3
 Hailstorm                Conj/Ice       0%         3d3       86%         3
 Stone Arrow              Conj/Erth      0%         3d7       86%         3
 Teleport Other           Tloc           0%         N/A       86%         3
 Animate Armour           Summ/Erth      0%         N/A       99%         4
 Fulminant Prism          Conj/Hex       0%         3d5       99%         4
 Lehudib's Crystal Spear  Conj/Erth      0%         10d2      100%        8


Dungeon Overview and Level Annotations

Branches:
Dungeon (5/15)
 Temple: D:4-7

Altars:
Qazlal

Shops:
D:2 (

Annotations:
D:5 Grinder


Innate Abilities, Weirdness & Mutations

You are immune to poison.
You have sharp fingernails.
Your flesh is cold resistant. (rC+)
You are immune to negative energy. (rN+++)
You do not regenerate when monsters are visible.
You are immune to unholy pain and torment.
You thrive by killing the living.


Message History

Grinder gestures at you. You resist with significant effort.
The black bear bites you. The black bear barely misses you.
The black bear claws you but does no damage.
You feel less invigorated.
You feel less confused.
Grinder rolls her eyes.
Grinder hits you.
The black bear attacks as you move away!
The black bear misses you. The black bear barely misses you.
The black bear claws you but does no damage.
A jelly comes into view.
Grinder gestures at you.
You suddenly lose the ability to move!
The jelly quivers.
The black bear bites you but does no damage.
The black bear claws you. x2; Grinder blinks!
Grinder says, "Tell me all your secrets, or I'll kill you."
The black bear barely misses you.
The black bear claws you but does no damage.
The black bear claws you.
The black bear bites you but does no damage.
The black bear claws you. x2
The black bear bites you but does no damage.
The black bear claws you but does no damage. x2
You can move again.
Grinder blinks!
There is a stone staircase leading up here.
The black bear bites you.
The black bear claws you but does no damage. x2
The jelly barely misses you.
You fly upwards.
There is a stone staircase leading down here.
The black bear closely misses you.
The black bear claws you but does no damage.
The black bear closely misses you.
There is an escape hatch in the floor here.
You aren't carrying any items that you can evoke.
You scratch the jelly.
Your claws burn!
The jelly hits you but does no damage. The black bear bites you.
The black bear claws you but does no damage. x2
You scratch the jelly. The acid corrodes you!
Your claws burn!
The black bear bites you. The black bear closely misses you.
The black bear claws you. The jelly hits you.
You are splashed with acid!
As you read the scroll labelled ELANNUKHLOSY, it crumbles to dust.
It is a scroll of identify.
u - a scroll of teleportation The black bear bites you.
The black bear claws you.
* * * LOW HITPOINT WARNING * * *
The black bear misses you. The jelly hits you.
* * * LOW HITPOINT WARNING * * *
You are splashed with acid.
* * * LOW HITPOINT WARNING * * *
You aren't carrying any items that you can evoke.
Really read
u - a scroll of teleportation {!r!d, @r3}?
As you read the scroll of teleportation {!r!d, @r3}, it crumbles to dust.
You feel strangely unstable. The jelly closely misses you.
The black bear bites you.
* * * LOW HITPOINT WARNING * * *
The black bear closely misses you. The black bear claws you.
* * * LOW HITPOINT WARNING * * *
Unknown command.
The black bear attacks as you move away!
The black bear barely misses you. x3; The jelly attacks as you move away!
The jelly hits you but does no damage.
Your surroundings suddenly seem different.
You start resting.
A black bear is nearby!
You are no longer corroded.
There is a fountain of clear blue water here.
You are starting to lose your buoyancy.
You float gracefully downwards.
There is an escape hatch in the floor here.
There is a stone staircase leading down here.
You climb downwards.
You hear the hiss of flowing sand.
There is an entrance to an ossuary on this level.
Hurry and find it before the portal is buried!
Level annotation: Grinder You hear the slow hiss of a distant avalanche of sand.
There is a stone staircase leading up here.
You aren't carrying any items that you can evoke.
As you read the scroll labelled UCISHR PIENAGA, it crumbles to dust.
It is a scroll of enchant armour.
Your +0 helmet glows green for a moment.
It was a potion of curing.
You feel better. Grinder gestures at you.
You suddenly lose the ability to move!
Grinder hits you.
* * * LOW HITPOINT WARNING * * *
Grinder hits you but does no damage. Grinder hits you.
* * * LOW HITPOINT WARNING * * *
You can move again.
Okay, then.
It was a potion of attraction.
You feel attractive to monsters. Grinder hits you.
* * * LOW HITPOINT WARNING * * *
It was a potion of haste.
You feel yourself speed up. Grinder hits you!
You die...

#......###.. #..
####.#...#.. #..####
#.###.#..
#.:...##### #.#
#<#.. #........###.#
#†##. ##.$......##.#
#.... #..........#.#
###.. #..........#.#
... #..@.......#.#
#... #.?5.......#.#
#...
#..........#.####...
##...........>.h....
#............###....
#.............. ..
#............##.<
#.........>... #.#
............. #


You could see Grinder.

Vanquished Creatures
  A phantom (D:4)
  A scorpion (D:5)
  Crazy Yiuf (D:2)
  A hound (D:5)
  A jelly (D:5)
  4 sleepcaps (D:4 D:5)
  6 adders (D:2 D:3 D:4 D:5)
  An ufetubus (D:4)
  3 dart slugs (D:1 D:3 D:4)
  2 orcs (D:3)
  7 bats (D:1 D:2 D:3)
  10 endoplasms (D:1 D:2 D:3)
  10 giant cockroaches (D:1 D:2 D:3 D:4)
  12 goblins (D:1 D:2 D:3 D:4)
  6 hobgoblins (D:1 D:2)
  10 jackals (D:1 D:2 D:3)
  A quokka (D:2)
  6 ball pythons (D:1 D:2 D:3)
  4 frilled lizards (D:1 D:2 D:3)
  9 kobolds (D:1 D:2 D:3 D:4)
  4 rats (D:1 D:2)
100 creatures vanquished.

Notes
Turn   | Place    | Note
-------+----------+-------------------------------------------
     0 | D:1      | ryak the Ghoul Gladiator began the quest for the Orb.
     0 | D:1      | Reached XP level 1. HP: 17/17 MP: 0/0
    50 | D:1      | Reached XP level 2. HP: 17/25 MP: 1/1
   313 | D:1      | Reached skill level 3 in Fighting
   342 | D:1      | Reached XP level 3. HP: 31/31 MP: 2/2
   449 | D:1      | Reached skill level 4 in Unarmed Combat
   633 | D:2      | HP: 14/31 [kobold/+0 short sword of protection (3)]
   639 | D:1      | HP: 13/31 [frilled lizard (1)]
   941 | D:2      | Reached XP level 4. HP: 31/39 MP: 3/3
   986 | D:2      | Found a runed translucent door.
   987 | D:2      | Noticed Crazy Yiuf
  1397 | D:2      | Found Feon's Weapon Emporium.
  1696 | D:2      | HP: 18/40 [Crazy Yiuf/+4 quarterstaff of chaos (16)]
  1697 | D:2      | Killed Crazy Yiuf
  1698 | D:2      | Reached skill level 4 in Fighting
  1831 | D:3      | Reached XP level 5. HP: 46/46 MP: 4/4
  1919 | D:3      | Reached skill level 5 in Unarmed Combat
  2117 | D:3      | Found a stormy altar of Qazlal.
  2466 | D:4      | Noticed a black bear
  2659 | D:4      | Identified the +4 trident of the Onslaught {antimagic,
                  | Dex+2}
  2764 | D:4      | Reached XP level 6. HP: 50/55 MP: 5/5
  2810 | D:4      | Reached skill level 5 in Fighting
  3002 | D:4      | Reached skill level 6 in Unarmed Combat
  3119 | D:5      | Entered Level 5 of the Dungeon
  3154 | D:5      | Noticed a black bear
  3164 | D:5      | Reached XP level 7. HP: 62/62 MP: 6/6
  3165 | D:5      | Reached skill level 6 in Fighting
  3181 | D:5      | Noticed Grinder
  3194 | D:5      | Paralysed by Grinder for 5 turns
  3205 | D:4      | HP: 31/63 [jelly (2)]
  3206 | D:4      | HP: 15/63 [jelly (3)]
  3207 | D:4      | HP: 7/63 [black bear (2)]
  3253 | D:5      | Paralysed by Grinder for 5 turns
  3255 | D:5      | HP: 16/63 [Grinder (5)]
  3258 | D:5      | HP: 6/63 [Grinder (5)]
  3259 | D:5      | Slain by Grinder

Illustrated notes

Levels and vault maps discovered:
D:1:      saegor_arrival_simple_e, layout_rooms, minmay_pentomino_q2
D:2:      layout_loops_ring, serial_shops, nicolae_shop_tiny_real_fake_doors,
          amcnicky_mini_pool_small, minmay_misc_feat_roman,
          kennysheep_generic_room_6, uniq_crazy_yiuf_cottage
D:3:      layout_rooms, nicolae_overflow_crystal_walls, elyvilon_altar_1,
          nicolae_concentric_dashed_squares_wild
D:4:      layout_rooms, tso_oasis_becter, uniq_menkaure
D:5:      layout_rooms, tgw_fedhas, nzn_hepliaklqana_mist_gate,
          gup_ossuary_entry_pyramid, chequers_garden,
          minmay_guarded_unrand_staff_of_olgreb, uniq_grinder

Skill      XL: |  1  2  3  4  5  6  7 |
---------------+----------------------+-----
Fighting       | 3 4 5 6 |  6.0
Unarmed Combat | 4 5 6 |  6.5
Throwing       | |  1.7
Dodging        | |  2.6

Action                     |  1- 3 |  4- 6 |  7- 9 || total
---------------------------+-------+-------+-------++-------
  Melee: Unarmed           |   128 |   187 |     3 ||   318
         Punch             |     4 |     4 |     1 ||     9
    Use: Scroll            |       |     1 |     3 ||     4
         Potion            |       |       |     9 ||     9
   Stab: Sleeping          |       |     3 |       ||     3
 Armour: Leather armour    |    36 |    67 |    24 ||   127
  Dodge: Dodged            |    84 |   125 |    24 ||   233

Levels and vault maps discovered:
D:1:      saegor_arrival_simple_e, layout_rooms, minmay_pentomino_q2
D:2:      layout_loops_ring, serial_shops, nicolae_shop_tiny_real_fake_doors,
          amcnicky_mini_pool_small, minmay_misc_feat_roman,
          kennysheep_generic_room_6, uniq_crazy_yiuf_cottage
D:3:      layout_rooms, nicolae_overflow_crystal_walls, elyvilon_altar_1,
          nicolae_concentric_dashed_squares_wild
D:4:      layout_rooms, tso_oasis_becter, uniq_menkaure
D:5:      layout_rooms, tgw_fedhas, nzn_hepliaklqana_mist_gate,
          gup_ossuary_entry_pyramid, chequers_garden,
          minmay_guarded_unrand_staff_of_olgreb, uniq_grinder

Table legend: (Time is in decaauts)
 A = Elapsed time spent in this place.
 B = Non-inter-level travel time spent in this place.
 C = Inter-level travel time spent in this place.
 D = Time resting spent in this place.
 E = Time spent auto-exploring this place.
 F = Levels seen in this place.
 G = Mean time per level.
                   A        B        C        D        E       F      G
               +--------+--------+--------+--------+--------+-----+--------+
         Total |   3236 |   3010 |    226 |      3 |   2246 |   5 |  647.2 |
       Dungeon |   3236 |   3010 |    226 |      3 |   2246 |   5 |  647.2 |
               +--------+--------+--------+--------+--------+-----+--------+

Top non-repeatable levels by time:
     D:2: 1182 daAuts
     D:3: 754 daAuts
     D:1: 634 daAuts
     D:4: 576 daAuts
     D:5: 89 daAuts

Table legend:
 A = Kills in this place as a percentage of kills in the entire game.
 B = Kills by you in this place as a percentage of kills by you in the entire game.
 C = Kills by friends in this place as a percentage of kills by friends in the entire game.
 D = Other kills in this place as a percentage of other kills in the entire game.
 E = Experience gained in this place as a percentage of experience gained in the entire game.
 F = Experience gained in this place divided by the number of levels of this place that you have seen.
                   A       B       C       D       E      F
               +-------+-------+-------+-------+-------+----------------------
         Total | 100.0 | 100.0 |   N/A |   N/A | 100.0 | 140.0
       Dungeon | 100.0 | 100.0 |   N/A |   N/A | 100.0 | 140.0
               +-------+-------+-------+-------+-------+----------------------
